 Dungeon Crawl Stone Soup version 0.31-a0-925-g0a390f2509 (webtiles) character file.

Game seed: 16217446100429246011

144 lunkers the Insei (level 5, -4/60 HPs)
             Began as a Meteoran Shapeshifter on Oct 18, 2023.
             Slain by an orc
             ... wielding a +0 flail
              (5 damage)
             ... on level 4 of the Dungeon.
             The game lasted 00:02:28 (1115 turns).

lunkers the Insei (Meteoran Shapeshifter)           Turns: 1115, Time: 00:02:29

Health: -4/60      AC: 22    Str: 15    XL:     5   Next: 81%
Magic:  6/6        EV:  2    Int: 11    God:
Gold:   100        SH:  0    Dex: 16    Spells: 4/4 levels left

rFire   . .          .
                       - Unarmed
rCold   . . .        (no shield)
rNeg    . . .        l - melded +3 ring mail
rPois   +            (helmet currently unavailable)
rElec   .            (cloak currently unavailable)
rCorr   .            (gloves currently unavailable)
SInv    .            (boots currently unavailable)
Will    .....        (no amulet)
Stlth   +            (no ring)
HPRegen 0.30/turn    (no ring)
MPRegen 0.10/turn

%: no passive effects
@: lethally poisoned (-4 -> -5), tree-form, glowing
A: stationary, stasis, torment immunity, boosted hp, sense surroundings 1,
otherworldly, glowing, explore regen
a: no special abilities


You were on level 4 of the Dungeon.
You were a tree.
You visited 1 branch of the dungeon, and saw 4 of its levels.

You collected 100 gold pieces.

Inventory:

Armour
 a - a +0 animal skin
 h - a +2 kite shield
 l - a +3 ring mail (melded)
Talismans
 c - a beast talisman
 d - a flux talisman
Wands
 j - a wand of mindburst (11)
Scrolls
 e - a scroll of vulnerability {unknown}
 f - 3 scrolls of identify {unknown}
 g - a scroll of silence {unknown}
 i - a scroll of noise {unknown}
 k - a scroll of enchant armour {unknown}
 m - a scroll of teleportation {unknown}


   Skills:
 - Level 1.1 Fighting
 - Level 2.1 Dodging
 * Level 6.0 Unarmed Combat
 + Level 4.8 Shapeshifting


You had 4 spell levels left.
You didn't know any spells.
Your spell library contained the following spells:

 Spells                   Type           Power      Damage    Failure   Level
 Sting                    Tmut/Pois      0%         1d3       34%         1
 Poisonous Vapours        Pois/Air       0%         N/A       47%         2
 Wereblood                Tmut           0%         N/A       47%         2
 Olgreb's Toxic Radiance  Pois           0%         N/A       98%         4
 Irradiate                Conj/Tmut      0%         3d11      100%        5


Dungeon Overview and Level Annotations

Branches:
Dungeon (4/15) Zot: 1297
 Temple: D:4-7

Altars:
Uskayaw


Innate Abilities, Weirdness & Mutations

You are a tree.
Your roots penetrate the ground, keeping you stationary.
You cannot be teleported.
You are immune to unholy pain and torment.
Your maximum health is greatly increased.
Your equipment is partially melded.
You passively map a small area around you.
You are easily found by Zot.
You glow in the dark.
You regain HP and MP as you explore.


Message History

Your Unarmed Combat skill increases to level 6!
Unknown command.
You barely miss the adder.
The adder is heavily wounded.
The adder bites you.
* * * LOW HITPOINT WARNING * * *
You are poisoned.
The adder poisons you! The orc hits you with a +0 flail.
* * * LOW HITPOINT WARNING * * *
Your transformation has ended.
You turn into a tree.
Your +3 ring mail melds into your body.
Your roots penetrate the ground.
* * * LOW HITPOINT WARNING * * *
You feel sick. The adder bites you but does no damage.
The orc hits you but does no damage. The adder bites you but does no damage.
You completely miss the adder.
The adder is heavily wounded.
* * * LOW HITPOINT WARNING * * *
You feel sick. The adder bites you but does no damage.
The orc hits you but does no damage.
You miss the adder.
The adder is heavily wounded.
* * * LOW HITPOINT WARNING * * *
You feel sick. The adder bites you but does no damage.
The orc hits you but does no damage.
You closely miss the adder.
The adder is heavily wounded.
* * * LOW HITPOINT WARNING * * *
You feel sick. The adder bites you but does no damage.
The orc hits you but does no damage.
You closely miss the adder.
The adder is heavily wounded.
* * * LOW HITPOINT WARNING * * *
You feel sick. The adder bites you but does no damage.
Unknown command.
You pummel the adder!!
You kill the adder!
* * * LOW HITPOINT WARNING * * *
You feel sick. The orc hits you with a +0 flail.
You die...

....##.##. ..# ,
,#.......##..# ,
..,#...........# * ,
...#..........## ,
...............## ,
#..<........## ,, ,
*#............# *,, ,
#.....#...##....,,
#.....###...♣#, . , ,
,
###.........†o......,
,
*......#............
, , ...###
##..........# ...
#..........# * , ,
#..........., , , , ,
............ ,
#.........#.. , ,


You could see an orc.

Vanquished Creatures
  An orc priest (D:4)
  4 gnolls (D:3)
  4 adders
  2 worms
  A dart slug (D:2)
  6 orcs
  4 bats
  3 endoplasms
  2 giant cockroaches (D:3)
  2 goblins
  3 kobolds
  2 quokkas
  2 ball pythons (D:1)
  A frilled lizard (D:1)
  5 rats
42 creatures vanquished.

Notes
Turn   | Place    | Note
-------+----------+-------------------------------------------
     0 | D:1      | lunkers the Meteoran Shapeshifter began the quest for the
                  | Orb.
     0 | D:1      | Reached XP level 1. HP: 16/16 MP: 2/2
   273 | D:1      | Reached skill level 4 in Unarmed Combat
   273 | D:1      | Reached XP level 2. HP: 21/23 MP: 3/3
   514 | D:2      | Reached XP level 3. HP: 8/28 MP: 4/4
   537 | D:2      | Found a hide-covered altar of Uskayaw.
   704 | D:3      | Reached XP level 4. HP: 33/35 MP: 5/5
   714 | D:3      | Reached skill level 5 in Unarmed Combat
   791 | D:3      | Reached XP level 5. HP: 12/40 MP: 6/6
  1109 | D:4      | Reached skill level 6 in Unarmed Combat
  1112 | D:4      | HP: 3/60 [poisoned by an adder]
  1115 | D:4      | HP: 1/60 [poisoned by an adder]
  1115 | D:4      | Slain by an orc

Illustrated notes

Levels and vault maps discovered:
D:1:      dpeg_arrival_more_subterranean_lakeside_camping, layout_loops_ring,
          wander_ebering_terrifying_dragon_lair
D:2:      layout_basic, basic_altar
D:3:      layout_rooms, nicolae_ru_the_path_less_chosen, minmay_quantized
D:4:      layout_cave_pools, tgw_kikubaaqudgha, minmay_fractal_squares_gapless_5

Skill      XL: |  1  2  3  4  5 |
---------------+----------------+-----
Unarmed Combat | 4 5 6 |  6.0
Shapeshifting  | 4 |  4.8
Fighting       | |  1.1
Dodging        | |  2.1

Action                     |  1- 3 |  4- 6 || total
---------------------------+-------+-------++-------
  Melee: Unarmed           |    66 |    79 ||   145
         Punch             |     1 |     1 ||     2
    Use: Potion            |       |     1 ||     1
 Armour: Animal skin       |    28 |    18 ||    46
         Ring mail         |       |    11 ||    11
         Skin              |       |    11 ||    11
  Dodge: Dodged            |    29 |    46 ||    75

Table legend: (Time is in decaauts)
 A = Elapsed time spent in this place.
 B = Non-inter-level travel time spent in this place.
 C = Inter-level travel time spent in this place.
 D = Time resting spent in this place.
 E = Time spent auto-exploring this place.
 F = Levels seen in this place.
 G = Mean time per level.
                   A        B        C        D        E       F      G
               +--------+--------+--------+--------+--------+-----+--------+
         Total |   1101 |   1053 |     48 |      0 |    732 |   4 |  275.2 |
       Dungeon |   1101 |   1053 |     48 |      0 |    732 |   4 |  275.2 |
               +--------+--------+--------+--------+--------+-----+--------+

Top non-repeatable levels by time:
     D:3: 390 daAuts
     D:1: 380 daAuts
     D:2: 307 daAuts
     D:4: 22 daAuts
